 Dungeon Crawl Stone Soup version 0.31.0-4-g52a2dc7128 (webtiles) character file.

Game seed: 5551049286191904738

29 Laqueoixx the Changeling (level 3, -7/23 HPs)
             Began as an Octopode Shapeshifter on Jan 22, 2024.
             Mangled by Sigmund
             ... wielding a +0 scythe
              (9 damage)
             ... on level 2 of the Dungeon.
             The game lasted 00:02:25 (854 turns).

Laqueoixx the Changeling (Octopode Shapeshifter)     Turns: 854, Time: 00:02:25

Health: -7/23      AC:  1    Str: 15    XL:     3   Next: 16%
Magic:  3/3        EV: 13    Int: 12    God:
Gold:   61         SH:  0    Dex: 11    Spells: 2/2 levels left

rFire   . . .        h - +1 dagger (venom)
rCold   . . .        (no shield)
rNeg    . . .        (helmet currently unavailable)
rPois   .            (no amulet)
rElec   .            (no ring)
rCorr   .            (no ring)
SInv    .            (no ring)
Will    .....        (no ring)
Stlth   ++           (no ring)
HPRegen 0.23/turn    (no ring)
MPRegen 0.08/turn    (no ring)
                     (no ring)

%: no passive effects
@: beast-form
A: beast (slay +2), almost no armour, amphibious, 8 rings, camouflage 1,
gelatinous body 1, (nimble swimmer 1), tentacles
a: Begin Untransformation


You were on level 2 of the Dungeon.
You were a hulking beast.
You visited 1 branch of the dungeon, and saw 2 of its levels.

You collected 61 gold pieces.

Inventory:

Hand Weapons
 h - a +1 dagger of venom (weapon)
Talismans
 b - a beast talisman
 c - a flux talisman
Scrolls
 d - 2 scrolls of blinking
 f - a scroll of immolation {unknown}
Potions
 a - a potion of lignification
 e - a potion of heal wounds


   Skills:
 - Level 1.0 Fighting
 - Level 2.0 Dodging
 - Level 3.5 Unarmed Combat
 + Level 3.6 Shapeshifting


You had 2 spell levels left.
You didn't know any spells.
Your spell library was empty.

Dungeon Overview and Level Annotations

Branches:
Dungeon (2/15)

Altars:

Annotations:
D:2 Sigmund


Innate Abilities, Weirdness & Mutations

You are a hulking beast.
Your limbs bulge with bestial killing power. (Slay +2)
You cannot wear most types of armour.
You are amphibious.
You can wear up to eight rings at the same time.
Your skin changes colour to match your surroundings (Stealth+).
Your rubbery body absorbs attacks. (AC +1, EV +1)
((You are camouflaged when in or above water. (Stealth+)))
You have tentacles for arms and can constrict up to eight enemies at once.


Message History

Sigmund flickers and vanishes!
Deactivating autopickup; reactivate with Ctrl-A.
You hit the kobold but do no damage. You grab the kobold.
You constrict the kobold, but do no damage.
The kobold barely misses you.
You release your grip on the kobold.
The kobold attacks as it pursues you! The kobold barely misses you.
The adder skeleton attacks as it pursues you!
The adder skeleton misses you.
The adder skeleton attacks as it pursues you!
The adder skeleton bites you.
You hit the adder skeleton. Your grab misses the adder skeleton.
Your squeeze misses the adder skeleton.
The adder skeleton is lightly damaged.
The adder skeleton barely misses you.
You hit the adder skeleton. You grab the adder skeleton.
The adder skeleton is moderately damaged.
You constrict the adder skeleton. The adder skeleton barely misses you.
Okay, then.
You hit the adder skeleton. You squeeze the adder skeleton.
You destroy the adder skeleton!
You have reached level 3!
Your experience leads to an increase in your attributes!
Increase (S)trength, (I)ntelligence, or (D)exterity?
You feel stronger. x2
You completely miss the kobold. You grab the kobold. You constrict the kobold.
The kobold hits you with a +0 short sword.
You hit the kobold.
The kobold is poisoned.
The kobold is severely wounded.
You constrict the kobold.
You kill the kobold!
Something hits you.
You puncture the ball python!
You kill the ball python!
Something hits you!
* * * LOW HITPOINT WARNING * * *
Things that are here:
a +0 short sword; a ball python corpse; a kobold corpse You hit something.
Your squeeze misses something. Something hits you!
You die...

#†..............
#P88..Z.........
#..P.....####... .
####.....# .....
##....# #.... #....#
#..# #....####..###
#....{........ #..
#...##h##..###.#.##
##'###.##.........
#.#...##.##.#.#.
#............... .
#...#.##.##.#.## ##
#...#.##.##.#.## #..##
#...#.##.......###..##
#...#.##.##.#.##....##
#...#.##.##.#.##.#..##


You could see a ball python skeleton.

Vanquished Creatures
  An adder skeleton (D:2)
  2 bats (D:1)
  A bat zombie (D:2)
  3 endoplasms
  A giant cockroach (D:1)
  A goblin (D:1)
  A hobgoblin (D:1)
  3 jackals (D:1)
  3 kobolds
  A quokka (D:1)
  2 ball pythons
  A frilled lizard (D:1)
  2 rats
22 creatures vanquished.

Notes
Turn   | Place    | Note
-------+----------+-------------------------------------------
     0 | D:1      | Laqueoixx the Octopode Shapeshifter began the quest for the
                  | Orb.
     0 | D:1      | Reached XP level 1. HP: 13/13 MP: 1/1
   125 | D:1      | Reached XP level 2. HP: 11/18 MP: 2/2
   830 | D:2      | Noticed Sigmund
   850 | D:2      | Reached XP level 3. HP: 18/23 MP: 3/3
   852 | D:2      | HP: 1/23 [something (11)]
   854 | D:2      | Mangled by Sigmund

Illustrated notes

Levels and vault maps discovered:
D:1:      dpeg_arrival_windows_large_door, layout_loops_cross, hex_tiny
D:2:      minmay_evil_eye, layout_basic, serial_undead, serial_undead_b,
          serial_undead_e, serial_undead_f, serial_undead_a, serial_undead_d,
          serial_undead_f, serial_undead_e, serial_undead_f, serial_undead_c,
          serial_undead_f, minivault_4, uniq_sigmund, uniq_natasha, uniq_robin

Action                     || total
---------------------------++-------
  Melee: Unarmed           ||    11
         Constrict         ||    14
         Tentacles         ||     8
         Dagger            ||    30
         Punch             ||     1
    Use: Scroll            ||     3
   Stab: Sleeping          ||     3
 Armour: Skin              ||    25
  Dodge: Dodged            ||    32
